Canucks vs Senators

Created - 8 octobre 2023 at 18:24

Goals
1 2 3 T
Canucks 0 2 1 3
Senators 0 0 1 1
Shots
1 2 3 T
Canucks 10 11 15 36
Senators 5 10 13 28

GoalsPenalties
1st period
No Goal
Justin Schultz (VAN) for Tripping (Minor) at 0:35
Nikita Zadorov (OTT) for Fighting (Major) at 2:49
Austin Watson (VAN) for Fighting (Major) at 2:49
Austin Watson (VAN) for instigated a fight (Minor) at 2:49
Austin Watson (VAN) for instigated a fight (10 Minutes Misconduct) at 2:49
2nd period
1. Canucks , Ryan Johansen 6 (Jeff Petry 9, John Tavares 11) at 0:08
2. Canucks , John Tavares 8 (Ryan Johansen 9) at 17:52 (PP)
Travis Konecny (OTT) for Cross-checking (Minor) at 7:00
Pierre Engvall (OTT) for Goalie Interference (Minor) at 17:21
Sam Bennett (OTT) for Holding (Minor) at 19:35
3rd period
3. Senators , Travis Konecny 12 (Andrew Copp 9, Pavel Zacha 15) at 19:05 (PP)
4. Canucks , William Carrier 5 (Ryan Johansen 10) at 19:26
Sam Bennett (OTT) for Cross-checking (Minor) at 2:50
Justin Schultz (VAN) for Hooking (Minor) at 5:41
Marcus Bjork (VAN) for Roughing (Minor) at 17:52
Goalie Stats
Anton Forsberg (VAN), 27 saves from 28 shots - (0,964), W, 9-2-0, 60:00 minutes
Eric Comrie (OTT), 33 saves from 36 shots - (0,917), L, 1-1-0, 60:00 minutes
3 StarsOfficial
1 - Ryan Johansen (VAN)
2 - John Tavares (VAN)
3 - Anton Forsberg (VAN)
Referees : Brandon Schrader and François St-Laurent
Linesman : Matt MacPherson and Alex Blair
Game Note
Austin Watson beats up Nikita Zadorov at 2:49 of 1st period
Finance
Level 1 -- Attendance: 6010 (98%) -- Ticket Income $552,920
Level 2 -- Attendance: 5171 (99%) -- Ticket Income $274,063
Level 3 -- Attendance: 3478 (92%) -- Ticket Income $97,384
Level 4 -- Attendance: 3853 (90%) -- Ticket Income $57,795
Luxury Box -- Attendance: 970 (92%) -- Ticket Income $184,300
Game was played at the Scotia Bank Place.
Total Attendance: 19482 (95%)
Total Ticket Income: $1,166,462
Other Income: $349,939
Total Income: $1,516,401



Team Name Goals Shots Shots Attemp Shots Blocked PIM HIT PP PK FO%
Canucks 336681323121 / 4 (25%)150%
Senators 128591013351 / 4 (25%)150%

Canucks
Player Name POS G A P +/- PIM HIT SHT SB MP PP MP PP SHT PK MP PK SHT FO% FOT GA TA
Austin WatsonLW/RW0000170108:080:0000:0000% 001
Brian DumoulinD0002020129:064:3703:3000% 011
Eeli TolvanenLW/RW0000013116:242:3930:00050% 201
Jeff PetryD0112016425:464:3713:2000% 001
Jesse PuljujarviRW0000013116:262:3900:0000% 100
John TavaresC/LW1121023026:053:4924:10052% 2710
Jonathan DrouinC/LW000000006:330:0000:51050% 400
Jonathan ToewsC0000014118:182:3902:09067% 1200
Josh AndersonLW/RW0001015126:493:4904:1000% 220
Justin SchultzD0000414217:271:5111:3600% 011
Marcus BjorkD000020004:310:0000:5600% 000
Mikey AndersonD0000002019:331:5113:4000% 000
Nils AmanC000100006:320:0000:00050% 200
Oliver Ekman-LarssonD0000000011:210:0000:0000% 000
Pierre-Edouard BellemareC/LW0000020013:230:0000:51038% 800
Ryan JohansenC/RW1232001021:203:4902:0900% 001
Vincent DesharnaisD0000001112:190:0001:1800% 000
William CarrierLW1011003112:450:0000:0000% 000
Senators
Player Name POS G A P +/- PIM HIT SHT SB MP PP MP PP SHT PK MP PK SHT FO% FOT GA TA
Alexander RomanovD000-1060427:174:5904:1800% 000
Andrew CoppC/LW/RW0110012018:504:1801:2800% 100
Anthony ManthaLW/RW000-1015013:562:4801:0000% 000
Connor CliftonD0000002015:322:1102:1000% 000
Craig SmithC/RW000002108:180:0400:1000% 000
Dakota JoshuaLW000002207:370:0000:3400% 011
Dante FabbroD0000000021:101:0702:1000% 000
Derek RyanC/RW000002308:590:0001:280100% 100
Ethan BearD0000020013:302:2500:0000% 001
Gabriel LandeskogC/LW000-1021010:400:0400:00050% 410
John KlingbergD000-2000217:460:0000:0000% 001
Nikita ZadorovD000-1530124:443:3804:1800% 000
Pavel ZachaC/LW/RW011-1042019:244:1800:00038% 2610
Pierre EngvallLW/RW0000220112:350:0000:00050% 200
Sam BennettC0000422016:232:4800:00067% 920
Scott LaughtonC/LW000-1002222:012:4804:0600% 100
Teddy BluegerC/LW000-1022015:220:0404:10064% 1411
Travis KonecnyLW/RW101-1244019:234:1810:0000% 001

Canucks

5 vs 5 Forward
Line #Left WingCenterRight WingPHYDFOFWanted %Time %Time Play
1Josh AndersonJohn TavaresRyan Johansen1224033%15:09
2Eeli TolvanenJonathan ToewsJesse Puljujarvi1223030%13:45
3William CarrierPierre-Edouard BellemareAustin Watson1222027%12:24
4John TavaresJonathan DrouinJosh Anderson1221010%4:43
5 vs 5 Defense
Line #DefenseDefensePHYDFOFWanted %Time %Time Play
1Brian DumoulinJeff Petry1224038%17:28
2Mikey AndersonJustin Schultz1223030%14:02
3Oliver Ekman-LarssonVincent Desharnais1222024%11:01
4Marcus BjorkBrian Dumoulin122108%3:30
Power Play Forward
Line #Left WingCenterRight WingPHYDFOFWanted %Time %Time Play
1Josh AndersonJohn TavaresRyan Johansen1226059%3:49
2Eeli TolvanenJonathan ToewsJesse Puljujarvi1224041%2:39
Power Play Defense
Line #DefenseDefensePHYDFOFWanted %Time %Time Play
1Brian DumoulinJeff Petry1226071%4:37
2Mikey AndersonJustin Schultz1224029%1:51
Penalty Kill 4 Players Forward
Line #CenterWingPHYDFOFWanted %Time %Time Play
1John TavaresJosh Anderson1226070%5:01
2Ryan JohansenJonathan Toews1224030%2:09
Penalty Kill 4 Players Defense
Line #DefenseDefensePHYDFOFWanted %Time %Time Play
1Brian DumoulinJeff Petry1226047%3:20
2Mikey AndersonJustin Schultz1224053%3:50
Penalty Kill 3 Players
Line #WingPHYDFOFWanted %Time %Time PlayDefenseDefensePHYDFOFWanted %Time %Time Play
1John Tavares122600%0:00 Brian DumoulinJeff Petry122600%0:00
2Josh Anderson122400%0:00 Mikey AndersonJustin Schultz122400%0:00
4 vs 4 Forward
Line #CenterWingPHYDFOFWanted %Time %Time Play
1John TavaresJosh Anderson122600%0:00
2Ryan JohansenJonathan Toews122400%0:00
4 vs 4 Defense
Line #DefensePHYDFOFWanted %Time %Time Play
1Brian DumoulinJeff Petry122600%0:00
2Mikey AndersonJustin Schultz122400%0:00
Last Minutes Offensive
Left WingCenterRight WingDefenseDefense
Josh AndersonJohn TavaresRyan JohansenBrian DumoulinJeff Petry
Last Minutes Defensive
Left WingCenterRight WingDefenseDefense
Josh AndersonJohn TavaresRyan JohansenBrian DumoulinJeff Petry
Time
Total ForwardTotal DefenseLast Minutes OffensiveLast Minutes Defensive
60:00 60:00 0:000:21
Extra Forwards
Normal PowerPlayPenalty Kill
Nils Aman, William Carrier, Pierre-Edouard BellemareNils Aman, William CarrierPierre-Edouard Bellemare
Extra Defensemen
Normal PowerPlayPenalty Kill
Oliver Ekman-Larsson, Vincent Desharnais, Marcus BjorkOliver Ekman-Larsson, Vincent DesharnaisMarcus Bjork
Penalty Shots
John Tavares, Josh Anderson, Ryan Johansen, Jonathan Toews, Eeli Tolvanen
Goalie
Anton Forsberg, Mackenzie Blackwood
Scratches
None

Senators

5 vs 5 Forward
Line #Left WingCenterRight WingPHYDFOFWanted %Time %Time Play
1Scott LaughtonPavel ZachaTravis Konecny1224036%16:23
2Andrew CoppSam BennettPierre Engvall1223028%13:05
3Gabriel LandeskogTeddy BluegerAnthony Mantha1222021%9:30
4Dakota JoshuaDerek RyanCraig Smith1221015%7:03
5 vs 5 Defense
Line #DefenseDefensePHYDFOFWanted %Time %Time Play
1Alexander RomanovJohn Klingberg1224038%17:30
2Nikita ZadorovDante Fabbro1223030%13:39
3Connor CliftonEthan Bear1222023%10:31
4Nikita ZadorovDante Fabbro122109%4:21
Power Play Forward
Line #Left WingCenterRight WingPHYDFOFWanted %Time %Time Play
1Travis KonecnyPavel ZachaAndrew Copp1226061%4:22
2Scott LaughtonSam BennettAnthony Mantha1224039%2:48
Power Play Defense
Line #DefenseDefensePHYDFOFWanted %Time %Time Play
1Nikita ZadorovAlexander Romanov1226070%4:59
2Connor CliftonNikita Zadorov1224030%2:11
Penalty Kill 4 Players Forward
Line #CenterWingPHYDFOFWanted %Time %Time Play
1Teddy BluegerScott Laughton1226077%5:00
2Derek RyanAndrew Copp1224023%1:28
Penalty Kill 4 Players Defense
Line #DefenseDefensePHYDFOFWanted %Time %Time Play
1Nikita ZadorovAlexander Romanov1226066%4:18
2Connor CliftonDante Fabbro1224034%2:10
Penalty Kill 3 Players
Line #WingPHYDFOFWanted %Time %Time PlayDefenseDefensePHYDFOFWanted %Time %Time Play
1Andrew Copp122600%0:00 Nikita ZadorovAlexander Romanov122500%0:00
2Scott Laughton122400%0:00 Connor CliftonDante Fabbro122500%0:00
4 vs 4 Forward
Line #CenterWingPHYDFOFWanted %Time %Time Play
1Pavel ZachaTravis Konecny122600%0:00
2Sam BennettScott Laughton122400%0:00
4 vs 4 Defense
Line #DefensePHYDFOFWanted %Time %Time Play
1Nikita ZadorovAlexander Romanov122600%0:00
2Connor CliftonJohn Klingberg122400%0:00
Last Minutes Offensive
Left WingCenterRight WingDefenseDefense
Travis KonecnyPavel ZachaAndrew CoppNikita ZadorovJohn Klingberg
Last Minutes Defensive
Left WingCenterRight WingDefenseDefense
Scott LaughtonTeddy BluegerAndrew CoppNikita ZadorovAlexander Romanov
Time
Total ForwardTotal DefenseLast Minutes OffensiveLast Minutes Defensive
60:00 60:00 0:210:00
Extra Forwards
Normal PowerPlayPenalty Kill
Gabriel Landeskog, Teddy Blueger, Anthony ManthaGabriel Landeskog, Teddy BluegerAnthony Mantha
Extra Defensemen
Normal PowerPlayPenalty Kill
Ethan Bear, Dante Fabbro, Connor CliftonEthan Bear, Dante FabbroConnor Clifton
Penalty Shots
Pavel Zacha, Travis Konecny, Scott Laughton, Sam Bennett, Andrew Copp
Goalie
Eric Comrie, Juuse Saros
Scratches
Nathan Bastian (Healthy), Pierre-Olivier Joseph (Healthy)


Play-by-Play

1st period


0:01 of 1st period - John Tavares wins face-off versus Pavel Zacha in neutral zone.
0:12 of 1st period - Brian Dumoulin is hit by Alexander Romanov and loses puck.
0:32 of 1st period - Off-side.
0:33 of 1st period - Pierre-Edouard Bellemare wins face-off versus Pierre Engvall in neutral zone.
0:35 of 1st period - Minor Penalty to Justin Schultz for Tripping.
0:36 of 1st period - John Tavares wins face-off versus Pavel Zacha in Canucks zone.
0:36 of 1st period - John Tavares is hit by Pavel Zacha.
2:35 of 1st period - Penalty to Justin Schultz is over, Justin Schultz is back on ice.
2:42 of 1st period - Slapshot by Jeff Petry.
2:42 of 1st period - Stopped by Eric Comrie without a rebound.
2:43 of 1st period - Pierre-Edouard Bellemare wins face-off versus Gabriel Landeskog in Senators zone.
2:49 of 1st period - Austin Watson beats up Nikita Zadorov.
2:49 of 1st period - Penalty to Nikita Zadorov for Fighting.
2:49 of 1st period - Penalty to Austin Watson for Fighting.
2:49 of 1st period - Penalty to Austin Watson for instigated a fight.
2:49 of 1st period - Penalty to Austin Watson for instigated a fight.
2:50 of 1st period - Pavel Zacha wins face-off versus Josh Anderson in Senators zone.
2:57 of 1st period - Snap shot by Travis Konecny.
2:57 of 1st period - Shot Misses the Net.
2:59 of 1st period - Wrist shot by Travis Konecny.
2:59 of 1st period - Shot Hit the Post.
3:01 of 1st period - Snap shot by Travis Konecny.
3:01 of 1st period - Shot Blocked by Brian Dumoulin.
3:17 of 1st period - Anthony Mantha is hit by Jeff Petry.
4:49 of 1st period - Penalty to Austin Watson is over, Josh Anderson is send on ice.
5:54 of 1st period - Josh Anderson is hit by Alexander Romanov.
7:23 of 1st period - Brian Dumoulin is hit by Ethan Bear and loses puck.
8:43 of 1st period - William Carrier is hit by Dakota Joshua.
8:44 of 1st period - Icing by William Carrier.
8:45 of 1st period - Derek Ryan wins face-off versus Pierre-Edouard Bellemare in Canucks zone.
9:06 of 1st period - Wrist shot by Jonathan Toews.
9:06 of 1st period - Stopped by Eric Comrie without a rebound.
9:07 of 1st period - Jonathan Toews wins face-off versus Pavel Zacha in Senators zone.
9:10 of 1st period - Snap shot by Jonathan Toews.
9:10 of 1st period - Stopped by Eric Comrie with a rebound.
9:12 of 1st period - Snap shot by Jesse Puljujarvi.
9:12 of 1st period - Shot Blocked by Scott Laughton.
9:14 of 1st period - Slapshot by Justin Schultz.
9:14 of 1st period - Stopped by Eric Comrie without a rebound.
9:15 of 1st period - Pavel Zacha wins face-off versus John Tavares in Senators zone.
9:22 of 1st period - Snap shot by Pavel Zacha.
9:22 of 1st period - Stopped by Anton Forsberg with a rebound.
9:24 of 1st period - Wrist shot by Scott Laughton.
9:24 of 1st period - Stopped by Anton Forsberg without a rebound.
9:25 of 1st period - John Tavares wins face-off versus Pavel Zacha in Canucks zone.
9:30 of 1st period - Josh Anderson is hit by Pavel Zacha and loses puck.
9:43 of 1st period - Backhand shot by Ryan Johansen.
9:43 of 1st period - Shot Misses the Net.
9:45 of 1st period - Slapshot by Jeff Petry.
9:45 of 1st period - Stopped by Eric Comrie with a rebound.
9:47 of 1st period - Slapshot by Brian Dumoulin.
9:47 of 1st period - Shot Blocked by Scott Laughton.
9:49 of 1st period - Wrist shot by Josh Anderson.
9:49 of 1st period - Shot Blocked by John Klingberg.
9:51 of 1st period - Wrist shot by Ryan Johansen.
9:51 of 1st period - Deflect By Josh Anderson.
9:51 of 1st period - Stopped by Eric Comrie with a rebound.
10:05 of 1st period - Wrist shot by Ryan Johansen.
10:05 of 1st period - Shot Misses the Net.
10:07 of 1st period - Snap shot by Josh Anderson.
10:07 of 1st period - Stopped by Eric Comrie without a rebound.
10:08 of 1st period - Jonathan Toews wins face-off versus Sam Bennett in Senators zone.
10:11 of 1st period - Wrist shot by Eeli Tolvanen.
10:11 of 1st period - Shot Misses the Net.
10:17 of 1st period - Jeff Petry is hit by Ethan Bear and loses puck.
10:39 of 1st period - Anthony Mantha is hit by Pierre-Edouard Bellemare and loses puck.
10:46 of 1st period - Backhand shot by Ethan Bear.
10:46 of 1st period - Deflect By Anthony Mantha.
10:46 of 1st period - Stopped by Anton Forsberg with a rebound.
10:48 of 1st period - Slapshot by Connor Clifton.
10:48 of 1st period - Stopped by Anton Forsberg without a rebound.
10:49 of 1st period - Pavel Zacha wins face-off versus John Tavares in Canucks zone.
11:30 of 1st period - Snap shot by Jonathan Toews.
11:30 of 1st period - Stopped by Eric Comrie with a rebound.
12:54 of 1st period - Slapshot by Dante Fabbro.
12:54 of 1st period - Shot Blocked by Eeli Tolvanen.
12:56 of 1st period - Wrist shot by Travis Konecny.
12:56 of 1st period - Deflect By Scott Laughton.
12:56 of 1st period - Shot Misses the Net.
12:56 of 1st period - Puck is out of play.
12:57 of 1st period - Jonathan Toews wins face-off versus Pavel Zacha in Canucks zone.
12:57 of 1st period - Jonathan Toews is hit by Pavel Zacha.
13:29 of 1st period - Snap shot by John Tavares.
13:29 of 1st period - Shot Misses the Net.
13:31 of 1st period - Slapshot by Jeff Petry.
13:31 of 1st period - Stopped by Eric Comrie with a rebound.
13:33 of 1st period - Snap shot by Ryan Johansen.
13:33 of 1st period - Shot Misses the Net.
13:35 of 1st period - Wrist shot by Josh Anderson.
13:35 of 1st period - Stopped by Eric Comrie with a rebound.
13:37 of 1st period - Wrist shot by Ryan Johansen.
13:37 of 1st period - Shot Misses the Net.
13:53 of 1st period - Wrist shot by Anthony Mantha.
13:53 of 1st period - Stopped by Anton Forsberg with a rebound.
13:57 of 1st period - Wrist shot by Anthony Mantha.
13:57 of 1st period - Shot Misses the Net.
14:35 of 1st period - Jonathan Toews is hit by Nikita Zadorov and loses puck.
15:08 of 1st period - Snap shot by Josh Anderson.
15:08 of 1st period - Shot Misses the Net.
15:44 of 1st period - Wrist shot by Gabriel Landeskog.
15:44 of 1st period - Shot Blocked by Jeff Petry.
17:24 of 1st period - Mikey Anderson is hit by Craig Smith and loses puck.
17:34 of 1st period - Wrist shot by Craig Smith.
17:34 of 1st period - Shot Misses the Net.
17:36 of 1st period - Snap shot by Craig Smith.
17:36 of 1st period - Shot Misses the Net.
17:49 of 1st period - 10 Minutes Misconduct Penalty to Austin Watson is over.
17:54 of 1st period - Eeli Tolvanen is hit by Andrew Copp and loses puck.
18:13 of 1st period - John Tavares is hit by Anthony Mantha.
18:33 of 1st period - Jonathan Toews is hit by Craig Smith and loses puck.
18:53 of 1st period - Backhand shot by Travis Konecny.
18:53 of 1st period - Shot Blocked by Josh Anderson.
19:12 of 1st period - Brian Dumoulin is hit by Nikita Zadorov.
19:22 of 1st period - Mikey Anderson is hit by Gabriel Landeskog and loses puck.
19:48 of 1st period - Jonathan Drouin is hit by Derek Ryan and loses puck.
Goals for this period are 0 for Canucks vs 0 for Senators.
Shots for this period are 10 for Canucks vs 5 for Senators.

2nd period


0:01 of 2nd period - John Tavares wins face-off versus Pavel Zacha in neutral zone.
0:06 of 2nd period - Wrist shot by Ryan Johansen.
0:06 of 2nd period - Shot Misses the Net.
0:08 of 2nd period - Snap shot by Ryan Johansen.
0:08 of 2nd period - Goal by Ryan Johansen - Canucks : 1 - Senators : 0.
0:09 of 2nd period - Pavel Zacha wins face-off versus John Tavares in neutral zone.
0:18 of 2nd period - Snap shot by Scott Laughton.
0:18 of 2nd period - Shot Misses the Net.
0:36 of 2nd period - Wrist shot by Eeli Tolvanen.
0:36 of 2nd period - Shot Blocked by Pierre Engvall.
1:23 of 2nd period - Wrist shot by John Tavares.
1:23 of 2nd period - Shot Blocked by Alexander Romanov.
1:33 of 2nd period - Jonathan Toews is hit by Alexander Romanov and loses puck.
2:20 of 2nd period - Snap shot by Anthony Mantha.
2:20 of 2nd period - Stopped by Anton Forsberg with a rebound.
2:22 of 2nd period - Slapshot by John Klingberg.
2:22 of 2nd period - Deflect By Anthony Mantha.
2:22 of 2nd period - Shot Misses the Net.
2:22 of 2nd period - Puck is out of play.
2:23 of 2nd period - John Tavares wins face-off versus Pavel Zacha in Canucks zone.
2:23 of 2nd period - John Tavares is hit by Travis Konecny.
2:54 of 2nd period - Dante Fabbro is hit by Pierre-Edouard Bellemare and loses puck.
3:09 of 2nd period - Wrist shot by Jesse Puljujarvi.
3:09 of 2nd period - Shot Misses the Net.
3:14 of 2nd period - Off-side.
3:15 of 2nd period - Teddy Blueger wins face-off versus Jonathan Toews in neutral zone.
3:18 of 2nd period - Slapshot by Connor Clifton.
3:18 of 2nd period - Stopped by Anton Forsberg without a rebound.
3:19 of 2nd period - John Tavares wins face-off versus Pavel Zacha in Canucks zone.
3:19 of 2nd period - John Tavares is hit by Pavel Zacha.
3:35 of 2nd period - Slapshot by Scott Laughton.
3:35 of 2nd period - Shot Blocked by Jeff Petry.
3:56 of 2nd period - Nikita Zadorov is hit by John Tavares and loses puck.
4:31 of 2nd period - Jeff Petry is hit by Pierre Engvall and loses puck.
5:09 of 2nd period - Slapshot by Brian Dumoulin.
5:09 of 2nd period - Deflect By Josh Anderson.
5:09 of 2nd period - Shot Misses the Net.
5:09 of 2nd period - Puck is out of play.
5:10 of 2nd period - Eeli Tolvanen wins face-off versus Pavel Zacha in Senators zone.
5:11 of 2nd period - Wrist shot by Jonathan Toews.
5:11 of 2nd period - Stopped by Eric Comrie without a rebound.
5:12 of 2nd period - Jonathan Toews wins face-off versus Pavel Zacha in Senators zone.
5:13 of 2nd period - Wrist shot by Jesse Puljujarvi.
5:13 of 2nd period - Stopped by Eric Comrie without a rebound.
5:14 of 2nd period - Jonathan Toews wins face-off versus Pavel Zacha in Senators zone.
5:42 of 2nd period - Off-side.
5:43 of 2nd period - Sam Bennett wins face-off versus Pierre-Edouard Bellemare in neutral zone.
6:22 of 2nd period - Snap shot by Gabriel Landeskog.
6:22 of 2nd period - Shot Blocked by Jonathan Toews.
6:24 of 2nd period - Wrist shot by Teddy Blueger.
6:24 of 2nd period - Deflect By Anthony Mantha.
6:24 of 2nd period - Stopped by Anton Forsberg with a rebound.
6:39 of 2nd period - Off-side.
6:40 of 2nd period - Pavel Zacha wins face-off versus Jonathan Drouin in neutral zone.
7:00 of 2nd period - Minor Penalty to Travis Konecny for Cross-checking.
7:01 of 2nd period - Teddy Blueger wins face-off versus John Tavares in Senators zone.
7:36 of 2nd period - Wrist shot by Justin Schultz.
7:36 of 2nd period - Stopped by Eric Comrie with a rebound.
8:32 of 2nd period - Anthony Mantha is hit by Josh Anderson.
8:46 of 2nd period - Jeff Petry is hit by Teddy Blueger and loses puck.
9:00 of 2nd period - Penalty to Travis Konecny is over, Travis Konecny is back on ice.
9:26 of 2nd period - Snap shot by Dakota Joshua.
9:26 of 2nd period - Shot Blocked by Vincent Desharnais.
9:34 of 2nd period - Alexander Romanov is hit by Jesse Puljujarvi and loses puck.
9:47 of 2nd period - William Carrier is hit by Travis Konecny and loses puck.
10:10 of 2nd period - Pierre Engvall is hit by Jonathan Toews and loses puck.
10:25 of 2nd period - Snap shot by Travis Konecny.
10:25 of 2nd period - Stopped by Anton Forsberg with a rebound.
10:49 of 2nd period - Snap shot by Derek Ryan.
10:49 of 2nd period - Shot Misses the Net.
10:51 of 2nd period - Snap shot by Teddy Blueger.
10:51 of 2nd period - Stopped by Anton Forsberg with a rebound.
10:53 of 2nd period - Wrist shot by Anthony Mantha.
10:53 of 2nd period - Shot Misses the Net.
11:25 of 2nd period - Oliver Ekman-Larsson is hit by Alexander Romanov and loses puck.
12:05 of 2nd period - Wrist shot by Pavel Zacha.
12:05 of 2nd period - Shot Misses the Net.
12:07 of 2nd period - Snap shot by Travis Konecny.
12:07 of 2nd period - Shot Hit the Post.
12:17 of 2nd period - Brian Dumoulin is hit by Pierre Engvall and loses puck.
12:46 of 2nd period - John Klingberg is hit by Justin Schultz.
12:52 of 2nd period - Mikey Anderson is hit by Derek Ryan and loses puck.
13:07 of 2nd period - Oliver Ekman-Larsson is hit by Sam Bennett and loses puck.
13:14 of 2nd period - Vincent Desharnais is hit by Sam Bennett.
14:11 of 2nd period - Backhand shot by Justin Schultz.
14:11 of 2nd period - Deflect By Andrew Copp.
14:11 of 2nd period - Stopped by Eric Comrie with a rebound.
14:41 of 2nd period - Wrist shot by Pierre-Edouard Bellemare.
14:41 of 2nd period - Shot Blocked by John Klingberg.
15:16 of 2nd period - Brian Dumoulin is hit by Alexander Romanov and loses puck.
16:44 of 2nd period - Wrist shot by Derek Ryan.
16:44 of 2nd period - Shot Misses the Net.
16:46 of 2nd period - Wrist shot by Derek Ryan.
16:46 of 2nd period - Stopped by Anton Forsberg without a rebound.
16:47 of 2nd period - Pierre-Edouard Bellemare wins face-off versus Pavel Zacha in Canucks zone.
17:04 of 2nd period - Snap shot by Pierre-Edouard Bellemare.
17:04 of 2nd period - Deflect By William Carrier.
17:04 of 2nd period - Stopped by Eric Comrie without a rebound.
17:05 of 2nd period - Sam Bennett wins face-off versus Jonathan Toews in Senators zone.
17:21 of 2nd period - Minor Penalty to Pierre Engvall for Goalie Interference.
17:22 of 2nd period - Teddy Blueger wins face-off versus Josh Anderson in Senators zone.
17:22 of 2nd period - Teddy Blueger is hit by Brian Dumoulin.
17:27 of 2nd period - John Tavares is hit by Alexander Romanov and loses puck.
17:34 of 2nd period - Slapshot by Jeff Petry.
17:34 of 2nd period - Shot Blocked by Alexander Romanov.
17:36 of 2nd period - Slapshot by Brian Dumoulin.
17:36 of 2nd period - Deflect By Ryan Johansen.
17:36 of 2nd period - Shot Misses the Net.
17:36 of 2nd period - Puck is out of play.
17:37 of 2nd period - Teddy Blueger wins face-off versus John Tavares in Senators zone.
17:46 of 2nd period - Slapshot by Jeff Petry.
17:46 of 2nd period - Stopped by Eric Comrie with a rebound.
17:48 of 2nd period - Slapshot by Brian Dumoulin.
17:48 of 2nd period - Deflect By Josh Anderson.
17:48 of 2nd period - Shot Misses the Net.
17:48 of 2nd period - Puck is out of play.
17:49 of 2nd period - John Tavares wins face-off versus Teddy Blueger in Senators zone.
17:52 of 2nd period - Wrist shot by John Tavares.
17:52 of 2nd period - Goal by John Tavares - Canucks : 2 - Senators : 0.
17:53 of 2nd period - Pavel Zacha wins face-off versus John Tavares in neutral zone.
18:30 of 2nd period - Backhand shot by Austin Watson.
18:30 of 2nd period - Stopped by Eric Comrie with a rebound.
18:36 of 2nd period - William Carrier is hit by Travis Konecny and loses puck.
18:41 of 2nd period - Wrist shot by Travis Konecny.
18:41 of 2nd period - Stopped by Anton Forsberg with a rebound.
18:43 of 2nd period - Wrist shot by Travis Konecny.
18:43 of 2nd period - Shot Misses the Net.
18:45 of 2nd period - Wrist shot by Travis Konecny.
18:45 of 2nd period - Stopped by Anton Forsberg without a rebound.
18:46 of 2nd period - John Tavares wins face-off versus Sam Bennett in Canucks zone.
18:57 of 2nd period - Snap shot by John Tavares.
18:57 of 2nd period - Stopped by Eric Comrie with a rebound.
19:13 of 2nd period - Brian Dumoulin is hit by Dakota Joshua and loses puck.
19:18 of 2nd period - Wrist shot by Derek Ryan.
19:18 of 2nd period - Stopped by Anton Forsberg with a rebound.
19:24 of 2nd period - Wrist shot by Derek Ryan.
19:24 of 2nd period - Stopped by Anton Forsberg without a rebound.
19:25 of 2nd period - Pierre Engvall wins face-off versus Jonathan Toews in Canucks zone.
19:35 of 2nd period - Minor Penalty to Sam Bennett for Holding.
19:36 of 2nd period - Teddy Blueger wins face-off versus John Tavares in Senators zone.
19:53 of 2nd period - Snap shot by John Tavares.
19:53 of 2nd period - Stopped by Eric Comrie with a rebound.
Goals for this period are 2 for Canucks vs 0 for Senators.
Shots for this period are 11 for Canucks vs 10 for Senators.

3rd period


0:01 of 3rd period - John Tavares wins face-off versus Teddy Blueger in neutral zone.
0:30 of 3rd period - Snap shot by Eeli Tolvanen.
0:30 of 3rd period - Stopped by Eric Comrie with a rebound.
0:32 of 3rd period - Slapshot by Mikey Anderson.
0:32 of 3rd period - Shot Blocked by Alexander Romanov.
0:34 of 3rd period - Slapshot by Mikey Anderson.
0:34 of 3rd period - Stopped by Eric Comrie with a rebound.
0:36 of 3rd period - Wrist shot by Eeli Tolvanen.
0:36 of 3rd period - Deflect By Scott Laughton.
0:36 of 3rd period - Stopped by Eric Comrie without a rebound.
0:37 of 3rd period - Teddy Blueger wins face-off versus John Tavares in Senators zone.
0:56 of 3rd period - Snap shot by Jesse Puljujarvi.
0:56 of 3rd period - Shot Misses the Net.
0:58 of 3rd period - Slapshot by Eeli Tolvanen.
0:58 of 3rd period - Stopped by Eric Comrie without a rebound.
0:59 of 3rd period - Jonathan Toews wins face-off versus Teddy Blueger in Senators zone.
1:28 of 3rd period - Slapshot by Jesse Puljujarvi.
1:28 of 3rd period - Shot Misses the Net.
1:35 of 3rd period - Penalty to Sam Bennett is over, Sam Bennett is back on ice.
1:36 of 3rd period - Wrist shot by Jonathan Toews.
1:36 of 3rd period - Shot Misses the Net.
1:38 of 3rd period - Slapshot by Justin Schultz.
1:38 of 3rd period - Deflect By Sam Bennett.
1:38 of 3rd period - Stopped by Eric Comrie with a rebound.
2:02 of 3rd period - Snap shot by Jesse Puljujarvi.
2:02 of 3rd period - Stopped by Eric Comrie without a rebound.
2:03 of 3rd period - John Tavares wins face-off versus Pavel Zacha in Senators zone.
2:26 of 3rd period - Pavel Zacha is hit by John Tavares and loses puck.
2:43 of 3rd period - Wrist shot by Josh Anderson.
2:43 of 3rd period - Stopped by Eric Comrie with a rebound.
2:45 of 3rd period - Snap shot by Ryan Johansen.
2:45 of 3rd period - Shot Misses the Net.
2:47 of 3rd period - Slapshot by Jeff Petry.
2:47 of 3rd period - Stopped by Eric Comrie without a rebound.
2:48 of 3rd period - Sam Bennett wins face-off versus Pierre-Edouard Bellemare in Senators zone.
2:50 of 3rd period - Minor Penalty to Sam Bennett for Cross-checking.
2:51 of 3rd period - Teddy Blueger wins face-off versus John Tavares in Senators zone.
3:17 of 3rd period - Alexander Romanov is hit by Brian Dumoulin.
3:25 of 3rd period - Snap shot by Derek Ryan.
3:25 of 3rd period - Shot Blocked by Jesse Puljujarvi.
4:13 of 3rd period - Jeff Petry is hit by Nikita Zadorov and loses puck.
4:26 of 3rd period - Alexander Romanov is hit by Eeli Tolvanen and loses puck.
4:50 of 3rd period - Penalty to Sam Bennett is over, Sam Bennett is back on ice.
4:59 of 3rd period - Wrist shot by Sam Bennett.
4:59 of 3rd period - Shot Blocked by Jeff Petry.
5:17 of 3rd period - Wrist shot by Anthony Mantha.
5:17 of 3rd period - Shot Blocked by William Carrier.
5:19 of 3rd period - Wrist shot by Anthony Mantha.
5:19 of 3rd period - Stopped by Anton Forsberg with a rebound.
5:21 of 3rd period - Snap shot by Teddy Blueger.
5:21 of 3rd period - Stopped by Anton Forsberg without a rebound.
5:22 of 3rd period - Pavel Zacha wins face-off versus Jonathan Drouin in Canucks zone.
5:31 of 3rd period - Wrist shot by Scott Laughton.
5:31 of 3rd period - Stopped by Anton Forsberg with a rebound.
5:33 of 3rd period - Snap shot by Pavel Zacha.
5:33 of 3rd period - Shot Blocked by Justin Schultz.
5:35 of 3rd period - Snap shot by Pavel Zacha.
5:35 of 3rd period - Shot Misses the Net.
5:41 of 3rd period - Minor Penalty to Justin Schultz for Hooking.
5:42 of 3rd period - John Tavares wins face-off versus Andrew Copp in Canucks zone.
6:29 of 3rd period - Pierre-Edouard Bellemare is hit by Travis Konecny and loses puck.
7:41 of 3rd period - Penalty to Justin Schultz is over, Justin Schultz is back on ice.
7:46 of 3rd period - Wrist shot by Craig Smith.
7:46 of 3rd period - Stopped by Anton Forsberg without a rebound.
7:47 of 3rd period - Gabriel Landeskog wins face-off versus Jonathan Toews in Canucks zone.
8:10 of 3rd period - Wrist shot by Gabriel Landeskog.
8:10 of 3rd period - Stopped by Anton Forsberg without a rebound.
8:11 of 3rd period - John Tavares wins face-off versus Pavel Zacha in Canucks zone.
9:10 of 3rd period - Backhand shot by Pierre-Edouard Bellemare.
9:10 of 3rd period - Deflect By Teddy Blueger.
9:10 of 3rd period - Shot Blocked by Alexander Romanov.
9:10 of 3rd period - Puck is out of play.
9:11 of 3rd period - Pavel Zacha wins face-off versus John Tavares in Senators zone.
9:42 of 3rd period - Snap shot by Mikey Anderson.
9:42 of 3rd period - Deflect By Jesse Puljujarvi.
9:42 of 3rd period - Shot Misses the Net.
9:42 of 3rd period - Puck is out of play.
9:43 of 3rd period - John Tavares wins face-off versus Sam Bennett in Senators zone.
11:12 of 3rd period - Wrist shot by Sam Bennett.
11:12 of 3rd period - Stopped by Anton Forsberg without a rebound.
11:13 of 3rd period - John Tavares wins face-off versus Pavel Zacha in Canucks zone.
11:16 of 3rd period - Slapshot by Travis Konecny.
11:16 of 3rd period - Shot Misses the Net.
11:44 of 3rd period - Off-side.
11:45 of 3rd period - Sam Bennett wins face-off versus Pierre-Edouard Bellemare in neutral zone.
12:16 of 3rd period - Wrist shot by Dakota Joshua.
12:16 of 3rd period - Stopped by Anton Forsberg with a rebound.
12:18 of 3rd period - Slapshot by Dakota Joshua.
12:18 of 3rd period - Shot Blocked by Justin Schultz.
12:24 of 3rd period - Wrist shot by Craig Smith.
12:24 of 3rd period - Deflect By Dakota Joshua.
12:24 of 3rd period - Stopped by Anton Forsberg with a rebound.
12:26 of 3rd period - Snap shot by Craig Smith.
12:26 of 3rd period - Shot Misses the Net.
12:46 of 3rd period - Slapshot by Pavel Zacha.
12:46 of 3rd period - Stopped by Anton Forsberg with a rebound.
13:17 of 3rd period - Josh Anderson is hit by Gabriel Landeskog and loses puck.
13:40 of 3rd period - Wrist shot by John Tavares.
13:40 of 3rd period - Shot Misses the Net.
14:15 of 3rd period - Snap shot by John Tavares.
14:15 of 3rd period - Shot Misses the Net.
14:17 of 3rd period - Snap shot by Ryan Johansen.
14:17 of 3rd period - Shot Misses the Net.
14:19 of 3rd period - Slapshot by Jeff Petry.
14:19 of 3rd period - Stopped by Eric Comrie without a rebound.
14:20 of 3rd period - Sam Bennett wins face-off versus Jesse Puljujarvi in Senators zone.
14:25 of 3rd period - Backhand shot by John Klingberg.
14:25 of 3rd period - Deflect By Andrew Copp.
14:25 of 3rd period - Stopped by Anton Forsberg with a rebound.
14:27 of 3rd period - Backhand shot by Sam Bennett.
14:27 of 3rd period - Deflect By Andrew Copp.
14:27 of 3rd period - Stopped by Anton Forsberg without a rebound.
14:28 of 3rd period - Pavel Zacha wins face-off versus Eeli Tolvanen in Canucks zone.
14:47 of 3rd period - Snap shot by Jesse Puljujarvi.
14:47 of 3rd period - Stopped by Eric Comrie with a rebound.
15:01 of 3rd period - Slapshot by Vincent Desharnais.
15:01 of 3rd period - Stopped by Eric Comrie without a rebound.
15:02 of 3rd period - Teddy Blueger wins face-off versus Pierre-Edouard Bellemare in Senators zone.
15:07 of 3rd period - Austin Watson is hit by Teddy Blueger and loses puck.
15:17 of 3rd period - Snap shot by William Carrier.
15:17 of 3rd period - Shot Misses the Net.
15:19 of 3rd period - Slapshot by Mikey Anderson.
15:19 of 3rd period - Stopped by Eric Comrie without a rebound.
15:20 of 3rd period - Jonathan Toews wins face-off versus Pavel Zacha in Senators zone.
15:21 of 3rd period - Snap shot by Eeli Tolvanen.
15:21 of 3rd period - Deflect By Jesse Puljujarvi.
15:21 of 3rd period - Shot Blocked by Nikita Zadorov.
15:21 of 3rd period - Puck is out of play.
15:22 of 3rd period - Jonathan Toews wins face-off versus Scott Laughton in Senators zone.
17:19 of 3rd period - Snap shot by William Carrier.
17:19 of 3rd period - Stopped by Eric Comrie without a rebound.
17:20 of 3rd period - Sam Bennett wins face-off versus John Tavares in Senators zone.
17:25 of 3rd period - Snap shot by Sam Bennett.
17:25 of 3rd period - Stopped by Anton Forsberg without a rebound.
17:26 of 3rd period - Teddy Blueger wins face-off versus John Tavares in Canucks zone.
17:33 of 3rd period - Wrist shot by Josh Anderson.
17:33 of 3rd period - Stopped by Eric Comrie without a rebound.
17:34 of 3rd period - Jonathan Drouin wins face-off versus Teddy Blueger in Senators zone.
17:37 of 3rd period - Snap shot by Jonathan Drouin.
17:37 of 3rd period - Shot Misses the Net.
17:52 of 3rd period - Minor Penalty to Marcus Bjork for Roughing.
17:53 of 3rd period - Pavel Zacha wins face-off versus John Tavares in Canucks zone.
17:58 of 3rd period - Slapshot by Nikita Zadorov.
17:58 of 3rd period - Shot Blocked by Jeff Petry.
18:29 of 3rd period - Snap shot by Pavel Zacha.
18:29 of 3rd period - Shot Misses the Net.
19:05 of 3rd period - Snap shot by Travis Konecny.
19:05 of 3rd period - Goal by Travis Konecny - Canucks : 2 - Senators : 1.
19:06 of 3rd period - Gabriel Landeskog wins face-off versus Nils Aman in neutral zone.
19:08 of 3rd period - Off-side.
19:09 of 3rd period - Gerard Gallant call a timeout for Senators.
19:09 of 3rd period - Nils Aman wins face-off versus Gabriel Landeskog in neutral zone.
19:26 of 3rd period - Snap shot by William Carrier.
19:26 of 3rd period - Goal by William Carrier - Canucks : 3 - Senators : 1.
19:27 of 3rd period - Jonathan Drouin wins face-off versus Teddy Blueger in neutral zone.
Goals for this period are 1 for Canucks vs 1 for Senators.
Shots for this period are 15 for Canucks vs 13 for Senators.